cohdb
Replays
Latest Replays
All Replays
Popular Replays
Top Player Replays
Match Explorer
How It Works
Community
CoH3 Stats
Reddit
Sign in to upload your games and track your stats! →
Sign in with Steam
Match 42882855
Unlisted
Match 42882855
Overview
Messages
Build Orders
End
Vickers Machine Gun Team
Construct Section Command Post
Dingo Light Scout Car
Infantry Section
Infantry Section
Construct Platoon Command Post
Infantry Section
Humber Armored Car
Grenade Package
Construct Field Infirmary
Royal Engineer Section
Construct Field Infirmary
Infantry Section
Construct Company Command Post
Selects Heavy Armor Battlegroup
Selects Engineer Detachments
Selects Rigorous Vehicle Training
Selects Light Vehicle Withdraw and Refit
Selects UNKNOWN (202330)
Crusader AA Medium Tank
Infantry Section
Unlock Towed 17-pounder Anti-tank Guns
Selects Recon Artillery
17-pounder Anti-tank Gun Team
Crusader AA Medium Tank
Alex Caesar
General of the Felix Legions
scorpion
Mustache and Melons
0
0
Comments
sign in to comment!
No comments posted yet!